 Dungeon Crawl Stone Soup version 0.27-a0-1591-gc56fcc985a (webtiles) character file.

Game seed: 18062553890170282030

16 Goblin1989 the Sneak (level 2, -3/24 HPs)
             Began as a Demonspawn Delver on July 15, 2021.
             Slain by a water moccasin skeleton (6 damage)
             ... on level 5 of the Dungeon on July 20, 2021.
             The game lasted 00:04:35 (381 turns).

Goblin1989 the Sneak (Demonspawn Delver)             Turns: 381, Time: 00:04:36

Health: -3/24      AC:  3    Str: 12    XL:     2   Next: 37%
Magic:  2/2        EV: 11    Int: 11    God:
Gold:   0          SH:  0    Dex: 14    Spells: 1/1 levels left

rFire    . . .     SeeInvis .   a - +0 short sword
rCold    . . .     Faith    .   (no shield)
rNeg     . . .     Spirit   .   b - +0 leather armour
rPois    .         Reflect  .   (no helmet)
rElec    .         Harm     .   (no cloak)
rCorr    .         Rampage  .   (no gloves)
Will     .....                  (no boots)
Stlth    +++.......             (no amulet)
HPRegen  0.08/turn              (no ring)
MPRegen  0.08/turn              (no ring)

@: no status effects
A: claws 1
a: no special abilities


You were on level 5 of the Dungeon.
You visited 1 branch of the dungeon, and saw 2 of its levels.

Inventory:

Hand Weapons
 a - a +0 short sword (weapon)
Missiles
 N - 34 stones (quivered) {@Q3}
Armour
 b - a +0 leather armour (worn)
Wands
 g - a wand of digging (3) {@v1}
Scrolls
 c - a scroll of fog
 e - a scroll of fear
 M - a scroll of magic mapping
Potions
 f - 2 potions of haste {@q3,}


   Skills:
 - Level 3.0 Fighting
 - Level 2.5 Short Blades
 - Level 1.7 Dodging
 - Level 4.7 Stealth
 + Level 0.0 Unarmed Combat


You had one spell level left.
You didn't know any spells.
Your spell library was empty.

Dungeon Overview and Level Annotations

Branches:
Dungeon (5/15)
 Temple: D:4-7

Altars:
Gozag
Yredelemnul

Shops:
D:5 :=

Annotations:
D:4 Ijyb


Innate Abilities, Weirdness & Mutations

You have sharp fingernails.


Message History

You hit the hound zombie.
The hound zombie is severely damaged.
The hound zombie bites you.
You take 2 damage, and have 11/18 hp.
You hit the hound zombie.
The hound zombie is almost destroyed.
The hound zombie barely misses you.
The hound zombie bites you but does no damage.
You hit the hound zombie.
You destroy the hound zombie!
Your Short Blades skill increases to level 2!
You have reached level 2!
Your demonic ancestry asserts itself...
Your fingernails lengthen.
You regained 4 hp, and now have 15/24 hp.
MP restored: 2 Unknown command.
N - 36 stones {@Q3} (gained 26)
You start resting.
HP restored.
Health restored: 24
N - 37 stones {@Q3} (gained 1)
Found a stone staircase leading up.
There is a stone staircase leading up here.
You climb upwards.
Level annotation: Ijyb
Found 17 sling bullets.
There is a stone staircase leading down here.
A jelly comes into view.
There is a stone staircase leading down here.
You climb downwards.
There is a stone staircase leading up here.
You open the door.
A water moccasin skeleton comes into view.
There is an open door here.
Throw: 37 stones {@Q3}
Press: ? - help, Q - select action Shift-Dir - straight line, f - water moccasin skeleton
Aim: a water moccasin skeleton (dormant, 98% to hit)
You throw a stone {@Q3}.
The stone {@Q3} hits the water moccasin skeleton.
The water moccasin skeleton is lightly damaged.
Throw: 36 stones {@Q3}
Press: ? - help, Q - select action Shift-Dir - straight line, f/p - water moccasin skeleton
Aim: a water moccasin skeleton (lightly damaged, 67% to hit)
You throw a stone {@Q3}.
The stone {@Q3} hits the water moccasin skeleton but does no damage.
The water moccasin skeleton is lightly damaged.
Throw: 35 stones {@Q3}
Press: ? - help, Q - select action Shift-Dir - straight line, f/p - water moccasin skeleton
Aim: a water moccasin skeleton (lightly damaged, 67% to hit)
You throw a stone {@Q3}.
The stone {@Q3} barely misses the water moccasin skeleton.
You hit the water moccasin skeleton.
The water moccasin skeleton is moderately damaged.
The water moccasin skeleton barely misses you.
You hit the water moccasin skeleton.
The water moccasin skeleton is moderately damaged.
The water moccasin skeleton bites you. x2
You take 9 damage, and have 15/24 hp.
MASSIVE DAMAGE!!
You hit the water moccasin skeleton but do no damage.
The water moccasin skeleton is moderately damaged.
The water moccasin skeleton bites you.
You take 3 damage, and have 12/24 hp.
You hit the water moccasin skeleton.
The water moccasin skeleton is moderately damaged.
The water moccasin skeleton barely misses you.
You hit the water moccasin skeleton.
The water moccasin skeleton is heavily damaged.
The water moccasin skeleton bites you but does no damage.
You barely miss the water moccasin skeleton.
The water moccasin skeleton is heavily damaged.
The water moccasin skeleton closely misses you.
You hit the water moccasin skeleton.
The water moccasin skeleton is heavily damaged.
The water moccasin skeleton bites you!
* * * LOW HITPOINT WARNING * * *
You take 7 damage, and have 5/24 hp.
MASSIVE DAMAGE!!
You hit the water moccasin skeleton.
The water moccasin skeleton is heavily damaged.
The water moccasin skeleton misses you. The water moccasin skeleton bites you.
* * * LOW HITPOINT WARNING * * *
You take 1 damage, and have 4/24 hp.
You hit the water moccasin skeleton.
The water moccasin skeleton is severely damaged.
The water moccasin skeleton barely misses you.
You hit the water moccasin skeleton.
The water moccasin skeleton is severely damaged.
The water moccasin skeleton barely misses you.
You hit the water moccasin skeleton.
The water moccasin skeleton is almost destroyed.
The water moccasin skeleton closely misses you.
You hit the water moccasin skeleton.
The water moccasin skeleton is almost destroyed.
The water moccasin skeleton bites you.
* * * LOW HITPOINT WARNING * * *
You take 2 damage, and have 2/24 hp.
You barely miss the water moccasin skeleton.
The water moccasin skeleton is almost destroyed.
The water moccasin skeleton bites you.
You die...

...............
............... .......
............... .......
............... .......
............... ..(Z...
............... .......
....Z..........
.......██████▲███.....█████
█......█.Z@.....█.....█...█
█......(........█.....█...█
▲......█........█.....∆...█
█......█........█.....█████
█......█........█..........
█......█<.......▲..........
█......█........█..........
█......█...██..██..........
█......██████..███████.....


You could see a water moccasin skeleton.

Vanquished Creatures
  A hound zombie (D:5)
  An orc (D:5)
2 creatures vanquished.

Notes
Turn   | Place    | Note
-------+----------+-------------------------------------------
     0 | D:5      | Goblin1989 the Demonspawn Delver began the quest for the
                  | Orb.
     0 | D:5      | Reached XP level 1. HP: 18/18 MP: 1/1
     5 | D:4      | Noticed Ijyb
     5 | D:4      | Found a basalt altar of Yredelemnul.
     5 | D:4      | Found an opulent altar of Gozag.
    63 | D:5      | Found Ydyweg's Book Emporium.
    73 | D:5      | Upgraded the game from 0.27-a0-1557-g57f10a385c to
                  | 0.27-a0-1591-gc56fcc985a
   222 | D:5      | Gained mutation: You have sharp fingernails. [demonic
                  | ancestry]
   222 | D:5      | Reached XP level 2. HP: 15/24 MP: 2/2
   381 | D:5      | Slain by a water moccasin skeleton

Illustrated notes

Levels and vault maps discovered:
D:4:      layout_cave_pools, riverfiend_overflow_shadow_ancestor,
          nicolae_overflow_hidden_temple, minmay_temple_entry_arrows, uniq_ijyb
D:5:      layout_gridville, elyvilon_altar_5, serial_shops, nicolae_square_shop,
          nicolae_stop_n_shop_1, minmay_misc_feat_tiny

Skill      XL: |  1 |
---------------+----+-----
Short Blades   | 2 |  2.5
Fighting       | |  3.0
Dodging        | |  1.7
Stealth        | |  4.7

Action                   || total
-------------------------++-------
Melee: Short sword       ||    21
Throw: Stone             ||     4
 Stab: Sleeping          ||     1
Armor: Leather armour    ||     2
Dodge: Dodged            ||    11

Table legend: (Time is in decaauts)
 A = Elapsed time spent in this place.
 B = Non-inter-level travel time spent in this place.
 C = Inter-level travel time spent in this place.
 D = Time resting spent in this place.
 E = Time spent auto-exploring this place.
 F = Levels seen in this place.
 G = Mean time per level.
                   A        B        C        D        E       F      G
               +--------+--------+--------+--------+--------+-----+--------+
         Total |    382 |    382 |      0 |    108 |      0 |   2 |  191.0 |
       Dungeon |    382 |    382 |      0 |    108 |      0 |   2 |  191.0 |
               +--------+--------+--------+--------+--------+-----+--------+

Top non-repeatable levels by time:
     D:5: 374 daAuts
     D:4: 8 daAuts
